 Dungeon Sprint DCSS version 0.30-a0-924-g0ad0bf95bc (webtiles) character file.

Game seed: 12430006724828935851

607 Pimp the Protected (level 7, -2/108 HPs)
             Began as an Armataur Fighter on Mar 22, 2023.
             Was a Believer of Okawaru.
             Slain by a +0 flail of venom (3 damage)
             ... in the Dungeon (Sprint V: "Ziggurat Sprint").
             The game lasted 00:03:57 (128 turns).

Pimp the Protected (Armataur Fighter)                Turns: 128, Time: 00:03:57

Health: -2/108     AC: 20    Str: 36    XL:     7   Next: 19%
Magic:  7/7        EV:  5    Int:  8    God:    Okawaru [**....]
Gold:   0          SH:  0    Dex:  9    Spells: 6/6 levels left

rFire   + + +      SeeInvis .    C - +7 great mace "Firestarter" {flame, inner flame, rFlCloud rF++}
rCold   + . .      Faith    .    (shield currently unavailable)
rNeg    . . .      Spirit   .    B - +5 gold dragon scales
rPois   +          Reflect  .    (no helmet)
rElec   .          Roll     +    (no cloak)
rCorr   .          NoTele   +    (no gloves)
Will    .....                    (no barding) Stlth
                                 (no amulet)
HPRegen 0.38/turn                z - +6 ring of strength
MPRegen 0.10/turn                A - +6 ring of strength

@: berserking, lethally poisoned (-2 -> -29), very quick
A: large, rugged brown scales 3, deformed body, armoured tail, roll, long
tongue, awkward tongue
a: Renounce Religion, Heroism


You were in the Dungeon.
You worshipped Okawaru.
Okawaru was pleased with you.
You visited 1 branch

Inventory:

Hand Weapons
 a - a +0 flail
 C - the +7 great mace "Firestarter" (weapon) {flame, inner flame, rFlCloud rF++}
   (You found it in the Dungeon)

   rFlCloud:  It grants immunity to clouds of flame.
   rF:        It greatly protects you from fire.
Armour
 b - a +0 scale mail
 c - a +0 buckler
 B - +5 gold dragon scales (worn)
Jewellery
 u - a ring of flight
 v - a +6 ring of dexterity
 w - a +6 ring of dexterity
 x - a +6 ring of intelligence
 y - a +6 ring of intelligence
 z - a +6 ring of strength (left hand)
 A - a +6 ring of strength (right hand)
Wands
 s - a wand of mindburst (7)
 t - a wand of light (7)
Scrolls
 j - 4 scrolls of blinking
 o - 4 scrolls of amnesia
 p - 7 scrolls of fog
 q - 5 scrolls of identify
 r - 2 scrolls of fear
Potions
 d - 6 potions of might
 e - 10 potions of curing
 f - 8 potions of heal wounds
 g - 6 potions of haste
 h - 7 potions of magic
 i - 2 potions of berserk rage
 k - 2 potions of brilliance
 l - 2 potions of invisibility
 m - 4 potions of resistance


   Skills:
 + Level 8.3 Fighting
 + Level 6.4 Maces & Flails
 + Level 11.5 Armour
 + Level 9.2 Shields


You had 6 spell levels left.
You didn't know any spells.
Your spell library contained the following spells:

 Spells                   Type           Power      Damage    Failure   Level
 Anguish                  Hex/Necr       0%         N/A       100%        4
 Enfeeble                 Hex            0%         N/A       100%        7


Dungeon Overview and Level Annotations

Branches:
Dungeon (1/1)

Altars:
Ashenzari
Cheibriados
Dithmenos
Elyvilon
Fedhas
Gozag
Hepliaklqana
Kikubaaqudgha
Makhleb
Nemelex Xobeh
Okawaru
Qazlal
Ru
Sif Muna
Trog
Uskayaw
Vehumet
Wu Jian
Xom
Yredelemnul
Zin
The Shining One
Jiyva
Lugonu

Annotations:
D 1 transporter


Innate Abilities, Weirdness & Mutations

You are completely covered in rugged brown scales. (AC +3, +7% HP)
Armour fits poorly on your strangely shaped body.
You have a long armoured tail.
You roll when moving toward enemies. (Rampage)
Your long tongue fully drains potion bottles. (2x potion effects)
Your tongue gives you trouble enunciating. (1.5x scroll delay)


Message History

You feel sick. The +0 flail of venom hits you!
You are more poisoned.
The fire elemental hits you. The fire elemental burns you! You resist.
The +0 flail of venom hits you but does no damage.
Your Fighting skill gained 2 levels and is now at level 8!
Your Maces & Flails skill increases to level 6!
Your Armour skill gained 3 levels and is now at level 11!
Your Shields skill gained 2 levels and is now at level 9!
You have reached level 6!
You have reached level 7!
You miss the +0 flail of venom.
You feel very sick. The fire elemental hits you. The fire elemental burns you!
You resist.
* * * LOW HITPOINT WARNING * * *
The +0 flail of venom hits you but does no damage.
The fire elemental barely misses you.
Unknown command.
You closely miss the fire elemental. You tail-slap the fire elemental!
The fire elemental is moderately damaged.
You feel very sick. The +0 flail of venom hits you.
* * * LOW HITPOINT WARNING * * *
You are lethally poisoned!
The fire elemental hits you.
The +0 flail of venom barely misses you.
You miss the +0 flail of venom.
* * * LOW HITPOINT WARNING * * *
You feel very sick. The +0 flail of venom hits you.
* * * LOW HITPOINT WARNING * * *
You are more poisoned.
The fire elemental hits you. The fire elemental burns you! You resist.
* * * LOW HITPOINT WARNING * * *
You are too berserk!
You closely miss the +0 flail of venom.
Your tail-slap misses the +0 flail of venom.
* * * LOW HITPOINT WARNING * * *
You feel very sick. The +0 flail of venom hits you.
You die...

▓▓▓▓▓▓▓▓▓▓▓▓▓
▓.8©8.▓.8©8.▓
▓.[}".▓.....▓
▓.....▓.)...▓
▓.E().▓.))..▓
▓..@..▓.....▓
▓.....▓..©..▓
▓..©..▓▓▓▓▓▓▓
▓▓▓▓▓▓▓


You could see a fire elemental and a +0 flail of venom.

Vanquished Creatures
  A deep elf pyromancer (D)
  Duvessa (D)
  Dowan (D)
3 creatures vanquished.

Notes
Turn   | Place    | Note
-------+----------+-------------------------------------------
     0 | D        | Pimp the Armataur Fighter began the quest for the Orb.
     0 | D        | Reached XP level 1. HP: 19/19 MP: 1/1
     0 | D        | Found a blossoming altar of Fedhas.
     0 | D        | Found the +6 Majin-Bo {spellvamp, MP+6 Int+6}
     0 | D        | Found the +27 heavy crossbow "Sniper" {heavy, Acc+∞ SInv}
     0 | D        | Found the +10 dark maul {heavy}
     0 | D        | Found the +15 Maxwell's patent armour {-Cast -Tele rElec
                  | Will+ rCorr}
     0 | D        | Found the +18 shield of the Gong {Loud rN+ Will+ rCorr
                  | EV-5}
     0 | D        | Found the +16 obsidian axe {drain, demonic, Mesm Drain Fly
                  | SInv}
     0 | D        | Found the +7 great mace "Firestarter" {flame, inner flame,
                  | rFlCloud rF++}
     0 | D        | Found the +6 shillelagh "Devastator" {shatter}
     0 | D        | Found the +11 plutonium sword {Contam Stlth-}
     0 | D        | Found the +8 lance "Wyrmbane" {slay drac, rPois rF+ rC+
                  | AC+3}
     0 | D        | Found the +9 sword of Zonguldrok {reap}
     0 | D        | Found the +13 scythe of Curses {drain, curses, Drain}
     0 | D        | Found the +9 sword of Power {lifebolt}
     0 | D        | Found the +7 mace of Variability {chaos, chain chaos}
     0 | D        | Found the +11 Singing Sword {sonic wave}
     0 | D        | Found the +8 storm bow {elec, penet}
     1 | D        | Found a shimmering blue altar of Sif Muna.
     1 | D        | Found a sacrificial altar of Ru.
     1 | D        | Found a bloodstained altar of Trog.
     1 | D        | Found a stormy altar of Qazlal.
     1 | D        | Found an iron altar of Okawaru.
     1 | D        | Found a sparkling altar of Nemelex Xobeh.
     3 | D        | Found a transporter.
     3 | D        | Found an ancient bone altar of Kikubaaqudgha.
     3 | D        | Found a viscous altar of Jiyva.
     3 | D        | Found a corrupted altar of Lugonu.
     3 | D        | Found a hazy altar of Hepliaklqana.
     3 | D        | Found a burning altar of Makhleb.
     3 | D        | Found an opulent altar of Gozag.
    54 | D        | Became a worshipper of Warmaster Okawaru
    70 | D        | Reached skill level 5 in Fighting
    70 | D        | Reached skill level 6 in Armour
    70 | D        | Reached XP level 2. HP: 31/31 MP: 2/2
    70 | D        | Reached XP level 3. HP: 38/38 MP: 3/3
    73 | D        | Entered arena 2.
    73 | D        | Noticed Dowan
    73 | D        | Noticed Duvessa
    73 | D        | Found a transporter.
    75 | D        | Killed Duvessa
    75 | D        | Reached * piety under Okawaru
    75 | D        | Killed Dowan
    76 | D        | Reached skill level 5 in Maces & Flails
    76 | D        | Reached skill level 8 in Armour
    76 | D        | Reached XP level 4. HP: 37/48 MP: 4/4
    76 | D        | Reached XP level 5. HP: 42/54 MP: 5/5
   117 | D        | Entered arena 3.
   117 | D        | Noticed a fire elemental
   117 | D        | Noticed a +0 flail of venom
   117 | D        | Noticed a deep elf pyromancer
   117 | D        | Found a transporter.
   124 | D        | Killed a deep elf pyromancer
   124 | D        | Reached ** piety under Okawaru
   125 | D        | Reached skill level 11 in Armour
   125 | D        | Reached XP level 6. HP: 30/65 MP: 6/6
   125 | D        | Reached XP level 7. HP: 33/72 MP: 7/7
   128 | D        | HP: 1/108 [poisoned by a +0 flail of venom]
   128 | D        | Slain by a +0 flail of venom

Illustrated notes

Levels and vault maps discovered:
D:        sprint_v [room_start, room_1, room_2, room_3, room_4, room_5, room_6,
          room_7, room_8, room_9, room_10, room_11, room_12, room_13, room_14,
          room_15, room_16, room_17, room_18, room_19, room_20, room_21,
          room_22, room_23, room_24, room_25, room_26, room_27]

Skill      XL: |  1  2  3  4  5 |
---------------+----------------+-----
Fighting       | 5 6 8 |  8.3
Maces & Flails | 4 5 6 |  6.4
Armour         | 6 8 11 | 11.5
Shields        | 6 7 9 |  9.2

Action                     |  1- 3 |  4- 6 |  7- 9 || total
---------------------------+-------+-------+-------++-------
  Melee: Great mace        |     2 |     3 |     4 ||     9
         Tailslap          |     1 |       |     1 ||     2
    Use: Potion            |     1 |     3 |       ||     4
 Armour: Gold dragon scale |     2 |    16 |     4 ||    22
  Dodge: Dodged            |       |     1 |     2 ||     3

Table legend: (Time is in decaauts)
 A = Elapsed time spent in this place.
 B = Non-inter-level travel time spent in this place.
 C = Inter-level travel time spent in this place.
 D = Time resting spent in this place.
 E = Time spent auto-exploring this place.
 F = Levels seen in this place.
 G = Mean time per level.
                   A        B        C        D        E       F      G
               +--------+--------+--------+--------+--------+-----+--------+
         Total |    128 |    118 |     10 |     30 |      0 |   1 |  128.0 |
       Dungeon |    128 |    118 |     10 |     30 |      0 |   1 |  128.0 |
               +--------+--------+--------+--------+--------+-----+--------+

Top non-repeatable levels by time:
       D: 128 daAuts
